[Event "Late-Titled-Tuesday-Blitz-December-26-2023"]
[Site "Chess.com"]
[Date "2023.12.26"]
[Round "6"]
[White "chessajedrezz2020"]
[Black "prime-morty"]
[Result "0-1"]
[WhiteElo "2768"]
[BlackElo "2561"]
[TimeControl "180+1"]
[EndTime "15:08:32 PST"]
[Termination "prime-morty won on time"]

1. Nf3 d6 2. d4 g6 3. g3 Bg7 4.
Bg2 e5 5. dxe5 dxe5 6. Qxd8+ Kxd8 7. Nc3 f6 8. Be3 Be6 9. O-O-O+ Nd7 10. Ne4 Kc8 11. Rd2 Bh6 12. Bxh6 Nxh6 13. Rxd7 Bxd7 14. Nxf6 Bc6 15. Bh3+ Kd8 16. Rd1+ Ke7 17. Nd5+ Bxd5 18. Rxd5 Rad8 19. Rxe5+ Kf6 20. Re6+ Kf7 21. Ng5+ Kf8 22.
e4 Rd6 23. e5 Rxe6 24. Nxe6+ Ke7 25. Nxc7 Rd8 26. c4 Rd4 27. Nd5+ Kf8 28. b3 Nf5 29. Bxf5 gxf5 30. e6 b5 31. e7+ Ke8 32. Nc7+ Kxe7 33. Nxb5 Rd3 34. Nxa7 Rf3 35. Nc6+ Kd6 36. Nd4 Rxf2 37.
h4 Kc5 38. Nc2 Rf3 39. Kd2 Rxg3 40. Ne3 f4 41. Nf5 Rg2+ 42. Kc3 Rxa2 43. b4+ Kb6 44.
Kd4 f3 45. Ng3 f2 46. Ke3 Rb2 47. Nf1 Kc6 48. Kf3 Rxb4 49. Kxf2 Rxc4 50. Kg3 Kd6 51. Nd2 Rb4 52. Nf3 h6 53. Nd2 Ke6 54. Nf3 Kf5 55. Nd2 Rd4 56. Nf3 Rd3 57. Kg2 Ke4 58. Ng1 Kf4 59.
Ne2+ Kg4 60. h5 Re3 61. Kf2 Rf3+ 62. Kg2 Re3 63. Kf2 Re5 64. Ng3 Ra5 65. Nf1 Kxh5 66. Kg3 Ra3+ 67. Kg2 Kg4 68. Nh2+ Kf4 69. Nf1 h5 70.
Kh2 h4 71. Kg2 Rb3 72. Kh2 Kg4 73. Kg2 Rb2+ 74. Kg1 Kf3 75. Nh2+ Kg3 76. Nf1+ Kh3 77. Ne3 Rb3 78. Nf1 Rb1 79. Kf2 Rb2+ 80. Kg1 Rg2+ 81. Kh1 Re2 82. Kg1 Kg4 83. Nh2+ Kf4 84. Nf1 h3 0-1

[Event "Late-Titled-Tuesday-Blitz-December-26-2023"]
[Site "Chess.com"]
[Date "2023.12.26"]
[Round "6"]
[White "venturov"]
[Black "HajiyevKanan"]
[Result "0-1"]
[WhiteElo "2490"]
[BlackElo "2638"]
[TimeControl "180+1"]
[EndTime "15:08:32 PST"]
[Termination "HajiyevKanan won by checkmate"]

1. e4 c6 2. d4 d5 3. Nc3 a6 4.
Nf3 Bg4 5. Be2 e6 6. Be3 Nf6 7. e5 Nfd7 8. h3 Bh5 9. g4 Bg6 10. h4 h5 11. Ng5 hxg4 12. Bxg4 c5 13. h5 cxd4 14. Bxd4 Qxg5 15. Qf3 Bh7 16. Be3 Qd8 17.
O-O-O Nc6 18. Nxd5 Ndxe5 19. Qg2 Nxg4 20. Qxg4 exd5 21.
Rhe1 Be7 22. Qxg7 Rf8 23. Qxh7 Qd6 24. Bh6 O-O-O 25. Bxf8 Rxf8 26. Qf5+ Qd7 27. Rxd5 Qxf5 28. Rxf5 Kd7 29. h6 f6 30. Rg1 Rh8 31. Rh5 Ke6 32.
Rg7 Ne5 33. h7 Nf7 34. f4 f5 35. Rh1 Bf6 36. Re1+ Ne5 37. Rg6 Kf7 38. Rxf6+ Kxf6 39. fxe5+ Ke6 40. Rh1 Kxe5 41. Kd2 Kf4 42. Ke2 Kg3 43. Kf1 f4 44. Rh6 f3 45. c4 Rd8 46. Ke1 Re8+ 47.
Kd2 f2 48. h8=Q Rxh8 49. Rxh8 f1=Q 50. Rg8+ Kh4 51. Re8 Qxc4 52. Re3 Qxa2 53. Kc2 Qc4+ 54. Rc3 Qa4+ 55. Kb1 b5 56. b3 Qa3 57. Kc2 Kg5 58. Rc6 Kf5 59. Kc3 Ke5 60. Kc2 Kd5 61. Rc3 Qa2+ 62.
Kc1 b4 63. Rd3+ Ke4 64. Rh3 Qa1+ 65. Kc2 a5 66. Rh4+ Kd5 67. Rh5+ Kc6 68. Rh6+ Kc5 69.
Rh5+ Kd6 70. Rh6+ Kc7 71. Rh7+ Kb8 72. Rh3 Qa2+ 73. Kc1 Kb7 74. Rh7+ Kc6 75. Rh6+ Kd5 76. Rh5+ Ke4 77. Rh4+ Kf3 78. Rh3+ Kg4 79. Rd3 Qa1+ 80. Kc2 Qa2+ 81. Kc1 a4 82. Rd4+ Kf3 83. Rxb4 axb3 84.
Rb8 Qc2# 0-1

[Event "Late-Titled-Tuesday-Blitz-December-26-2023"]
[Site "Chess.com"]
[Date "2023.12.26"]
[Round "6"]
[White "hsd2016"]
[Black "chenxiaoyuer"]
[Result "1-0"]
[WhiteElo "2296"]
[BlackElo "2697"]
[TimeControl "180+1"]
[EndTime "15:08:32 PST"]
[Termination "hsd2016 won by checkmate"]

1. e4 c5 2. Nf3 d6 3. d4 cxd4 4. Nxd4 Nf6 5. Nc3 Nc6 6. Bb5 Bd7 7. Bg5 e6 8. Qd2 Nxd4 9. Bxd7+ Qxd7 10. Qxd4 Be7 11.
O-O Qc6 12. Rad1 a6 13. Rfe1 O-O 14. Bxf6 Bxf6 15. Qxd6 Rac8 16. Qxc6 Rxc6 17. e5 Bd8 18. Re2 Bc7 19. Rd7 b5 20. a3 Rc8 21. f4 Kf8 22. Kf1 Ke8 23. Rd3 Ke7 24. Ne4 Rc4 25. c3 h6 26. g3 Rg8 27. Red2 Rd8 28. Rxd8 Bxd8 29.
Nd6 Rc6 30. Nxf7 Bb6 31. Nd6 Bc7 32. Ke2 g5 33. Ne4 gxf4 34. gxf4 Bb6 35. Nf6 Rc4 36. Rd7+ Kf8 37. Kf3 a5 38. Rb7 Bc7 39. Rxb5 a4 40.
Rb4 Rc5 41. Rxa4 Rb5 42. Rb4 Ra5 43. Ke4 Bd8 44. Rb8 Ke7 45. Rb7+ Kf8 46. c4 h5 47.
Nxh5 Rc5 48. Kd3 Ra5 49. Nf6 Ra4 50. Ne4 Be7 51. Nd6 Ra6 52. c5 Rc6 53. b4 Bd8 54.
Rb8 Ke7 55. Rb7+ Kf8 56. Kc4 Ra6 57. b5 Ra4+ 58. Kb3 Rxf4 59. c6 Rf3+ 60. Ka4 Rf4+ 61.
Kb3 Rf3+ 62. Kb4 Rf4+ 63. Nc4 Be7+ 64. Kb3 Rf3+ 65. Ka4 Rc3 66. Nd6 Bd8 67. Rd7 Bb6 68. Kb4 Rc2 69. Rb7 Bc5+ 70. Kb3 Rc1 71. Rb8+ Kg7 72. c7 Bb6 73. c8=Q Rb1+ 74. Ka2 Rb2+ 75. Kxb2 Bd4+ 76. Kb3 Bxe5 77. Qxe6 Bxd6 78. Rg8+ Kh7 79. Qg6# 1-0

[Event "Late-Titled-Tuesday-Blitz-December-26-2023"]
[Site "Chess.com"]
[Date "2023.12.26"]
[Round "6"]
[White "Rakitic2010"]
[Black "youngdinousaur"]
[Result "1/2-1/2"]
[WhiteElo "2514"]
[BlackElo "2310"]
[TimeControl "180+1"]
[EndTime "15:08:33 PST"]
[Termination "Game drawn by repetition"]

1. e4 c5 2. Nf3 e6 3. d4 cxd4 4. Nxd4 Nf6 5. Nc3 Nc6 6. Ndb5 d6 7. Bf4 e5 8. Bg5 a6 9. Na3 b5 10. Nd5 Be7 11. Bxf6 Bxf6 12. c4 b4 13. Nc2 a5 14.
g3 g6 15. Bg2 O-O 16. O-O Bg5 17. Qd3 Bh6 18. Rad1 Bg7 19. b3 Ra7 20. f4 Nd4 21.
Nxd4 exd4 22. f5 Be5 23. Qf3 Bb7 24. Qg4 Bxd5 25. exd5 Re7 26. Be4 Qc8 27. Rde1 Qd7 28. h4 Kh8 29. Kg2 Rg8 30. Rf3 gxf5 31. Qxf5 Qxf5 32. Bxf5 f6 33. g4 h5 34. Kh3 hxg4+ 35.
Bxg4 Reg7 36. Rg1 Rg6 37. Rf5 Kg7 38. h5 Rg5 39. Rxg5+ fxg5 40. Be6 Rf8 41. Rxg5+ Kh6 42. Rg1 Kxh5 43. Bg4+ Kh6 44. Rg2 Rf1 45. Be2 Rh1+ 46.
Kg4 Ra1 47. Bd3 Kg7 48. Kf5+ Kf7 49. Be2 Ke7 50. c5 Rxa2 51. c6 d3 52. c7 Kd7 53. Rg8 Kxc7 54. Bxd3 Rf2+ 55. Ke6 Rb2 56. Bc4 Kb6 57. Rb8+ Kc5 58. Rb5+ Kd4 59. Rxa5 Kc3 60. Ra6 Rxb3 61. Rc6 Kb2 62. Bxb3 Kxb3 63. Rxd6 Bxd6 64. Kxd6 Ka2 65. Ke7 b3 66. d6 b2 67. d7 b1=Q 68. d8=Q Qe1+ 69. Kf7 Qf2+ 70. Kg6 Qg3+ 71. Kf5 Qf3+ 72. Ke5 Qe3+ 73. Kf5 Qf3+ 74. Kg6 Qg3+ 75. Kh5 Qh3+ 76. Kg5 Qg3+ 77. Kf5 Qf3+ 1/2-1/2

[Event "Late-Titled-Tuesday-Blitz-December-26-2023"]
[Site "Chess.com"]
[Date "2023.12.26"]
[Round "6"]
[White "NoHeThTo"]
[Black "GMBenjaminBok"]
[Result "1/2-1/2"]
[WhiteElo "2702"]
[BlackElo "2963"]
[TimeControl "180+1"]
[EndTime "15:08:34 PST"]
[Termination "Game drawn by repetition"]

1. d4 Nf6 2. Nc3 d5 3. Bf4 c5 4.
e4 cxd4 5. Qxd4 Nc6 6. Bb5 Bd7 7. Bxc6 Bxc6 8. e5 Nd7 9. e6 fxe6 10. Nf3 Qb6 11. Qd2 d4 12. Nxd4 Bxg2 13. Ndb5 e5 14. Be3 Qc6 15. Rg1 a6 16. Nc7+ Qxc7 17. Rxg2 Qc6 18.
Rg1 O-O-O 19. O-O-O e6 20. Qe2 Bb4 21. Rg4 Bc5 22.
Rxg7 Nf6 23. Bxc5 Qxc5 24. Rgg1 Kb8 25. Rde1 e4 26. Nxe4 Nxe4 27. Qxe4 Qxf2 28. Qxe6 Qxh2 29. Qe5+ Qxe5 30. Rxe5 Rhf8 31. Re2 h5 32. Rh1 Rf5 33. Reh2 Rh8 34. Rh4 Kc7 35. b3 Rh6 36. Kb2 Kd7 37.
a4 Ke7 38. Rd1 Rd6 39. Rdh1 Rdd5 40. c4 Rde5 41. R1h3 Kd6 42. Kc3 a5 43. Kd4 b6 44.
Rg3 Re1 45. Rg6+ Re6 46. Rg8 Ref6 47. Ke4 Re5+ 48. Kd4 Ref5 49. Ke4 Rf3 50. Rd8+ Kc7 51. Rh8 Rxb3 52. R4xh5 Rd6 53. c5 Rb4+ 54. Ke3 Re6+ 55. Kd3 Rxa4 56. cxb6+ Kxb6 57. R8h6 Rxh6 58. Rxh6+ Kb5 59. Kc3 Rc4+ 60. Kb3 Rc5 61. Rh8 a4+ 62. Ka3 Rd5 63. Rb8+ Kc4 64. Rc8+ Kd4 65. Kxa4 Rd7 66. Rb8 Kc4 67. Rc8+ Kd4 68. Rc1 Rb7 69. Rd1+ Kc3 70.
Rc1+ Kd3 71. Rd1+ Kc2 72. Rh1 Kc3 73. Rh3+ Kc4 74. Rh4+ Kd3 75. Rh3+ Kd4 76. Rh4+ Ke3 77. Rh3+ Kf4 78. Rb3 Rd7 79. Rb4+ Ke5 80. Rh4 Rb7 81. Rh5+ Kd4 82. Rh4+ Kc5 83. Rh5+ Kc4 84. Rh4+ Kd3 85. Rh3+ Ke4 86. Rh4+ Kd5 87. Rh5+ Kd4 88. Rh4+ 1/2-1/2

[Event "Late-Titled-Tuesday-Blitz-December-26-2023"]
[Site "Chess.com"]
[Date "2023.12.26"]
[Round "6"]
[White "thechesscorner64"]
[Black "Camilla_Lee"]
[Result "0-1"]
[WhiteElo "2442"]
[BlackElo "2601"]
[TimeControl "180+1"]
[EndTime "15:08:36 PST"]
[Termination "Camilla_Lee won by checkmate"]

1. e4 e5 2. Nf3 Nc6 3. Bc4 Nf6 4. d3 Be7 5. Nc3 d6 6. h3 O-O 7. Nd5 Na5 8. Nxe7+ Qxe7 9. Bb3 Nxb3 10. axb3 c5 11. O-O h6 12. c3 Bd7 13. Re1 Bc6 14. Nh4 Qc7 15. Qf3 Nh7 16. Nf5 Bd7 17. Nxh6+ gxh6 18. Bxh6 Kh8 19. Bxf8 Rxf8 20. Rxa7 Qb6 21. Ra3 Be6 22.
Rea1 Qd8 23. Ra7 Qe7 24. d4 cxd4 25. cxd4 exd4 26. Qd3 Qf6 27. Rxb7 Ng5 28. Rba7 Rg8 29. Kf1 Qe5 30. Ra8 Nxe4 31. Rxg8+ Kxg8 32. f3 Ng3+ 33. Kf2 Nf5 34. Ra8+ Kg7 35. Qd2 Qg3+ 36. Kg1 Bxb3 37. Rb8 Bd5 38. h4 Qxh4 39. Qf2 Qf4 40. Rb5 Bc4 41.
Rxf5 Qxf5 42. Qxd4+ Qe5 43. Qxc4 Qxb2 44. Qg4+ Kf6 45.
Qf4+ Ke6 46. Qg4+ Kd5 47. Qe4+ Kc5 48. Qf5+ d5 49. Qxf7 Qc1+ 50. Kf2 Qd2+ 51. Kf1 Qd3+ 52. Kf2 Qd4+ 53. Kf1 Qc4+ 54. Kf2 Qc2+ 55. Kf1 Qb1+ 56.
Kf2 Qa2+ 57. Kf1 Qa6+ 58. Kf2 Kc4 59. Qe8 d4 60. Qe2+ d3 61. Qe4+ Kc3 62. Qe5+ Kc2 63.
Qe4 Qa3 64. Ke3 Qc3 65. f4 Qd2+ 66. Kd4 Qc3+ 67. Ke3 Qe1+ 68. Kd4 Qxe4+ 69. Kxe4 d2 70. f5 d1=Q 71. f6 Qd3+ 72. Kf4 Qg6 73. Ke5 Qxg2 74. Ke6 Qc6+ 75. Ke7 Qc5+ 76. Ke6 Qe3+ 77. Kf7 Kd3 78. Kg7 Qg5+ 79. Kf7 Kd4 80. Ke6 Qe5+ 81. Kf7 Kd5 82. Kg6 Qg3+ 83. Kh7 Qh4+ 84. Kg8 Qxf6 85. Kh7 Qg5 86.
Kh8 Ke6 87. Kh7 Kf7 88. Kh8 Qh5# 0-1

[Event "Late-Titled-Tuesday-Blitz-December-26-2023"]
[Site "Chess.com"]
[Date "2023.12.26"]
[Round "6"]
[White "AGW2016"]
[Black "sofaceindisguise"]
[Result "1/2-1/2"]
[WhiteElo "2578"]
[BlackElo "2728"]
[TimeControl "180+1"]
[EndTime "15:08:39 PST"]
[Termination "Game drawn - insufficient material"]

1. d4 Nf6 2. Nc3 d5 3. Bf4 a6 4.
e3 b5 5. Nf3 Bb7 6. Ne5 e6 7. Bd3 c5 8. O-O Nc6 9. a3 c4 10. Be2 Bd6 11. Nxc6 Bxc6 12. Bxd6 Qxd6 13. b4 O-O 14. Qb1 a5 15. bxa5 Rxa5 16. Qb4 Qc7 17. Rfb1 Rfa8 18. Qc5 Nd7 19. Qe7 Qa7 20. Bh5 g6 21.
Bg4 Nb6 22. Qc5 Rc8 23. Qd6 Qc7 24. Qc5 Be8 25. Qb4 Rca8 26. h4 h5 27. Bf3 f5 28.
g3 Kf7 29. Ne2 Qe7 30. Qc5 Qxc5 31. dxc5 Na4 32. Nd4 Nxc5 33. Rb4 Na4 34. Rab1 Nc3 35. R1b2 Rxa3 36. Kg2 Kf6 37. Ne2 Nxe2 38. Bxe2 Ra2 39.
Bf3 Rxb2 40. Rxb2 Ke7 41. Be2 Kd6 42. Kf3 Kc5 43. Kf4 b4 44. Ke5 Bb5 45. Rb1 Ra2 46.
Bd1 Ba4 47. Rc1 Bd7 48. f4 Ra6 49. Be2 Bb5 50. Kf6 d4 51. exd4+ Kxd4 52. Kxg6 Ke3 53.
Bxh5 Kd2 54. Rb1 Ra4 55. Bd1 c3 56. h5 Be8+ 57. Kg5 Ra7 58. h6 Bc6 59. Bh5 Kxc2 60. Rxb4 Bd5 61. Bg6 Kd2 62. h7 Rxh7 63. Bxh7 c2 64.
Rb2 Kc3 65. Rxc2+ Kxc2 66. Kf6 Kd3 67. Bg8 Ke3 68. Bxe6 Bb7 69. Bxf5 Kf3 70. Ke5 Kxg3 71. Be4 Bc8 72. Bf5 Bb7 73. Be6 Kh4 74. f5 Kg5 75. f6 Kg6 76. Bf5+ Kf7 77. Bg4 Kf8 78. Bh5 Bc6 79. Kd6 Ba4 80. Be8 Bxe8 81. f7 Ba4 82. Ke5 Bc2 83. Kf6 Bb1 84. Kg5 Ba2 85. Kh4 Bxf7 1/2-1/2

[Event "Late-Titled-Tuesday-Blitz-December-26-2023"]
[Site "Chess.com"]
[Date "2023.12.26"]
[Round "6"]
[White "wild3000"]
[Black "UK_23"]
[Result "1/2-1/2"]
[WhiteElo "2467"]
[BlackElo "2356"]
[TimeControl "180+1"]
[EndTime "15:08:41 PST"]
[Termination "Game drawn - timeout vs insufficient material"]

1. d4 d5 2. c4 e6 3. Nc3 Nf6 4. Nf3 Be7 5. e3 O-O 6. Be2 a6 7. O-O dxc4 8. Bxc4 b5 9. Be2 Bb7 10.
a4 b4 11. Nb1 Nbd7 12. Nbd2 c5 13. Nb3 a5 14. Bd2 Bd5 15. Rc1 Ne4 16. Bb5 Nxd2 17. Nbxd2 cxd4 18. Nxd4 Ne5 19. f4 Ng6 20. N2f3 Rc8 21.
Qe2 Qb6 22. Qd3 Bb7 23. Nb3 Rfd8 24. Rxc8 Bxc8 25. Nfd4 e5 26. fxe5 Nxe5 27. Qe4 Ng6 28. Nc6 Re8 29. Nbd4 Bb7 30. Qf5 Bf6 31. Rf3 Nh4 32.
Qd7 Nxf3+ 33. gxf3 Rxe3 34. Kg2 h5 35. Bc4 Re7 36. Qd5 Bxc6 37. Nxc6 Rc7 38. Bb5 Bxb2 39. Qe4 Bf6 40. Qe8+ Kh7 41. Bd3+ g6 42. Be4 Bg7 43. h4 Qc5 44. Nd8 Qe7 45. Qxe7 Rxe7 46. Nc6 Rc7 47. Nxa5 Ra7 48. Nb3 Rxa4 49. Bd5 Kg8 50. f4 Ra3 51. Kf3 Bf6 52. Kg3 Kg7 53. Bc4 Bd4 54. Kf3 Bf6 55. Kg3 Be7 56. Kh3 Kf6 57. Kg3 Kf5 58.
Bd3+ Ke6 59. Bc4+ Kd6 60. Bxf7 Bf6 61. Kg2 Bxh4 62. Nd4 Rd3 63. Nf3 Bf6 64. Bxg6 b3 65.
Bxd3 b2 66. Bb1 h4 67. Kh3 Kc5 68. Nxh4 Kd4 69. Kg4 Ke3 70. Ng2+ Kd2 71. f5 Kc1 72. Be4 b1=Q 73. Bxb1 Kxb1 74. Nf4 Kc2 75. Nd5 Be5 76. Kf3 Kd3 77. Nb4+ Kc4 78. Nc6 Bf6 79. Ke4 Kc5 1/2-1/2

[Event "Late-Titled-Tuesday-Blitz-December-26-2023"]
[Site "Chess.com"]
[Date "2023.12.26"]
[Round "6"]
[White "DuleMudule"]
[Black "UmutErdemGunduz"]
[Result "0-1"]
[WhiteElo "2904"]
[BlackElo "2717"]
[TimeControl "180+1"]
[EndTime "15:08:44 PST"]
[Termination "UmutErdemGunduz won by checkmate"]

1. d4 Nf6 2. Bg5 Ne4 3. h4 c5 4. dxc5 Qa5+ 5. Nd2 Nxg5 6. hxg5 Qxc5 7. g6 fxg6 8. Nb3 Qb6 9. Nf3 Nc6 10. e3 e6 11.
Bd3 Kf7 12. Ng5+ Kg8 13. Bxg6 hxg6 14. Rxh8+ Kxh8 15. Qf3 Bb4+ 16. c3 Qb5 17. Qh3+ Kg8 18.
Qh7+ Kf8 19. Qh8+ Ke7 20. Qxg7+ Kd8 21. Nf7+ Kc7 22. cxb4 Qxb4+ 23. Kf1 b6 24. Kg1 Bb7 25. Rd1 Qf8 26. Qh7 Qe7 27. Qh2+ e5 28. Nd6 a5 29. a4 Rf8 30. Qg3 Qe6 31. Nc1 Ba6 32. Ne4 d5 33. Nc3 Rd8 34. Nb5+ Kb7 35. Nd3 Qf5 36. Qh4 Rd7 37. Qh8 Qg4 38. f3 Qxa4 39. Nc3 Qc2 40. Nxe5 Nxe5 41. Qxe5 Qxb2 42. Rxd5 Rxd5 43. Qxd5+ Ka7 44.
Qd7+ Bb7 45. Nb5+ Ka6 46. Nd6 Qa1+ 47. Kh2 Qe5+ 48. f4 Qh5+ 49. Kg3 Qd5 50. e4 Qd3+ 51. Kh4 Bxe4 52. Qc8+ Ka7 53. Qc7+ Ka6 54. Qc8+ Ka7 55. Qd7+ Ka6 56. Kg5 Qd5+ 57. Kh6 Bf5 58. Qc7 a4 59. Nc8 Bxc8 60. Qxc8+ Ka5 61. Qc3+ Kb5 62. g4 Qe4 63. Qb2+ Ka5 64. Qd2+ Ka6 65. g5 b5 66. Qd6+ Ka5 67. Qxg6 Qxg6+ 68. Kxg6 a3 69. f5 a2 70. f6 a1=Q 71.
f7 Qh8 72. Kf5 b4 73. Ke6 Qf8 74. g6 b3 75. Kf6 Qd8+ 76. Kg7 Qd4+ 77. Kg8 Qd5 78. Kf8 b2 79. g7 b1=Q 80. g8=Q Qb4+ 81. Kg7 Qg4+ 82. Kf8 Qd6+ 83. Ke8 Qc8# 0-1

[Event "Late-Titled-Tuesday-Blitz-December-26-2023"]
[Site "Chess.com"]
[Date "2023.12.26"]
[Round "6"]
[White "rasmussvane"]
[Black "Hikaru"]
[Result "1-0"]
[WhiteElo "2930"]
[BlackElo "3222"]
[TimeControl "180+1"]
[EndTime "15:08:52 PST"]
[Termination "rasmussvane won on time"]

1. Nf3 g6 2. e4 c5 3. d4 cxd4 4. Nxd4 Bg7 5. c4 Qb6 6. Nb3 Nc6 7. Be3 Qc7 8. Nc3 Bxc3+ 9. bxc3 Nf6 10. f3 b6 11. c5 bxc5 12. Nxc5 d6 13. Nb3 O-O 14.
Rc1 a5 15. Be2 Ba6 16. c4 Nd7 17. O-O a4 18. Nd4 Nxd4 19. Qxd4 Rfc8 20. Rc2 Rab8 21.
Rfc1 Nc5 22. h4 f6 23. Qd5+ Kg7 24. Qd2 Rg8 25. Qe1 Bc8 26. Rb1 Be6 27. Rcb2 Rxb2 28. Rxb2 Rc8 29. Rb4 h5 30. a3 Bf7 31. Qc3 Ra8 32.
Bd1 Qa5 33. Bd2 Qa7 34. Qe3 Qc7 35. Bc2 e5 36. Qc3 Ne6 37. Be3 Nc5 38. Kh2 Rc8 39. Bxa4 Qa5 40. Bc2 Na6 41. Bb6 Rxc4 42. Qxc4 Qxa3 43.
Ra4 Qc1 44. Qxa6 Qf4+ 45. Kh1 Qc1+ 46. Kh2 Qxc2 47. Be3 Qc3 48. Ra3 Qe1 49. Qd3 Qxh4+ 50. Kg1 Qe1+ 51. Qf1 Qb4 52. Ra1 Qc3 53. Re1 g5 54.
Qf2 h4 55. Qd2 Qa3 56. Bf2 h3 57. Kh2 hxg2 58. Kxg2 Qa6 59. Rd1 g4 60. fxg4 Bg6 61. Qe3 Qa4 62. Re1 Qd7 63. Qf3 Qc6 64. Bh4 Qc2+ 65.
Re2 Qd1 66. Qxf6+ Kh7 67. Qf3 Qb1 68. Bg3 Qd1 69. Qe3 Qb1 70. Qf3 Qd1 71. Bf2 Qb1 72. g5 Qd1 73. Qg4 Kg7 74. Qd7+ Kg8 75. Qg4 Kg7 76.
Bg3 Qd3 77. Qf3 Qd1 78. Qf6+ Kh7 79. Qe7+ Kg8 80. Qd8+ Kg7 81. Qf6+ Kh7 82. Re3 Qd2+ 83. Qf2 Qd1 84. Qe2 Qd4 85. Qf3 Qd2+ 86. Bf2 Qc2 87. Qg4 Qc6 88. Qe6 Bxe4+ 89. Kh2 Bg2 90. Rg3 1-0

[Event "Late-Titled-Tuesday-Blitz-December-26-2023"]
[Site "Chess.com"]
[Date "2023.12.26"]
[Round "6"]
[White "Alexei_Gubajdullin"]
[Black "Misticpikachu"]
[Result "1/2-1/2"]
[WhiteElo "2604"]
[BlackElo "2476"]
[TimeControl "180+1"]
[EndTime "15:09:40 PST"]
[Termination "Game drawn by 50-move rule"]

1. e4 e6 2. Qe2 Nc6 3. Nf3 e5 4. g3 Nf6 5. Bg2 Bc5 6. O-O O-O 7.
Nc3 a6 8. d3 d6 9. Bg5 h6 10. Bh4 Be6 11. Nd5 Bxd5 12. exd5 Nd4 13. Nxd4 Bxd4 14. c3 Ba7 15. g4 g5 16. Bg3 Qd7 17. Bf3 Kg7 18. Kg2 Rae8 19. h4 e4 20.
dxe4 Nxd5 21. hxg5 hxg5 22. Qd2 Nf4+ 23. Bxf4 gxf4 24.
Qxf4 f6 25. Rh1 Rh8 26. Rh5 Qe6 27. Rah1 Rxh5 28. Rxh5 Rh8 29. Rxh8 Kxh8 30. Qh6+ Kg8 31. g5 Qf7 32. gxf6 Qh7 33. Qg5+ Kf8 34. e5 dxe5 35.
Bxb7 Qg8 36. Qxg8+ Kxg8 37. Bxa6 Kf7 38. Kf3 Kxf6 39. Bb7 Ke6 40. a4 Kd6 41. a5 c5 42.
Ba6 Bb8 43. Ke4 Ba7 44. Bc4 Bb8 45. f3 Ba7 46. Kf5 Bb8 47. Kf6 Kc6 48. Ke6 Bc7 49. Ke7 Bxa5 50. Ke6 Bc7 51. Kf5 Bd6 52. Ke4 Bc7 53.
Kd3 Kd6 54. Bg8 Bb6 55. Kc4 Bc7 56. Bh7 Bd8 57. Be4 Be7 58. Kb5 Kc7 59. Ka6 Bd6 60. Bd5 Be7 61. b3 Bd6 62. Kb5 Be7 63.
Kc4 Kb6 64. Kd3 Kc7 65. Ke4 Kd6 66. b4 cxb4 67. cxb4 Bd8 68. b5 Bb6 69. Bf7 Bd4 70.
Be8 Bb6 71. Bf7 Bc5 72. Bg8 Bb6 73. Bc4 Bc5 74. Be2 Bb6 75. Kf5 Bc5 76. Kf6 Bb6 77.
Kf7 Bd4 78. Ke8 Bb6 79. Kf7 Bd4 80. Kg6 Bc5 81. Kf5 Bb6 82. Ke4 Bc5 83. Kd3 Bb6 84. Kc4 Bc5 85. Bd3 Bb6 86. Bf5 Bc5 87. Bg4 Bb6 88. Kd3 Bc5 89. Ke4 Bb6 90. Kf5 Bc5 91. Kf6 Bb6 92. Kf7 Bc5 93. Bf5 Bd4 94. Ke8 Bb6 95.
Be4 Ke6 96. Bg6 Kd6 97. Bd3 Ke6 98. Bf1 Kd6 99. Bh3 Bc7 100. Bg4 Bb6 101. Bf5 Ba5 102. Be4 Bb6 103. Bc6 Ba5 104. Kf7 Bb6 105. Kf6 Bc7 106. Kf5 Bb6 107. Ke4 Bc7 108. Kd3 Bb6 109. Kc4 Bc7 110.
Be4 Bb6 111. Bf5 Bc7 112. Bg6 Bb6 113. Be8 Ba5 114. Bc6 Bb6 115. Kb3 Bc7 116. Ka4 Bb6 117. Ka3 Bc7 118. Kb2 1/2-1/2

[Event "Late-Titled-Tuesday-Blitz-December-26-2023"]
[Site "Chess.com"]
[Date "2023.12.26"]
[Round "7"]
[White "Iball95"]
[Black "FrenchHarvey"]
[Result "1/2-1/2"]
[WhiteElo "2817"]
[BlackElo "2643"]
[TimeControl "180+1"]
[EndTime "15:12:02 PST"]
[Termination "Game drawn by agreement"]

1. e4 c5 2. Nf3 Nc6 3. Nc3 Nf6 4. Bb5 Qc7 5. O-O a6 6. Bxc6 dxc6 7. e5 Nd5 8. h3 Bf5 9. Re1 e6 10. d3 Nxc3 11. bxc3 h6 12. c4 Be7 13. Qe2 O-O 14.
a4 b5 15. axb5 axb5 16. Rxa8 Rxa8 17. cxb5 cxb5 18. Bf4 Ra2 1/2-1/2

[Event "Late-Titled-Tuesday-Blitz-December-26-2023"]
[Site "Chess.com"]
[Date "2023.12.26"]
[Round "7"]
[White "YouShallNotPass001"]
[Black "Maect19"]
[Result "0-1"]
[WhiteElo "2485"]
[BlackElo "2369"]
[TimeControl "180+1"]
[EndTime "15:12:25 PST"]
[Termination "Maect19 won by resignation"]

1. Nf3 d5 2. g3 Nf6 3. Bg2 c6 4. O-O Bf5 5. d3 e6 6. Nbd2 Bg6 7.
Nh4 Nbd7 8. d4 Be7 9. c4 O-O 10. Qb3 Qb6 11. Nxg6 hxg6 12. c5 Qxb3 13. Nxb3 b6 14.
cxb6 axb6 15. Bd2 c5 16. Rfc1 c4 17. Rc3 cxb3 18. Rxb3 Rfc8 19. Bf1 Ne4 20. Be1 Rc2 21.
e3 Rac8 22. Bd3 Rc1 23. Rxc1 Rxc1 24. Bxe4 Rxe1+ 25. Kg2 dxe4 26. Rc3 Nf6 27. Rc6 Nd5 28. Rxb6 Nxb6 0-1

[Event "Late-Titled-Tuesday-Blitz-December-26-2023"]
[Site "Chess.com"]
[Date "2023.12.26"]
[Round "7"]
[White "KVAIDAN"]
[Black "cthake"]
[Result "1-0"]
[WhiteElo "2378"]
[BlackElo "1924"]
[TimeControl "180+1"]
[EndTime "15:12:27 PST"]
[Termination "KVAIDAN won by resignation"]

1. f4 d5 2. Nf3 Nf6 3. e3 b6 4. b3 Bb7 5. Bb2 c5 6. Ne5 Nc6 7. Bb5 Rc8 8. O-O a6 9. Nxc6 Bxc6 10.
Bxa6 Ra8 11. Be2 e6 12. a4 Be7 13. Bd3 O-O 14. Rf3 d4 15. Rh3 g6 16. Na3 Qd5 17.
Qf1 h5 18. Nc4 b5 19. Nb6 Qd8 20. Nxa8 Qxa8 21. axb5 1-0

[Event "Late-Titled-Tuesday-Blitz-December-26-2023"]
[Site "Chess.com"]
[Date "2023.12.26"]
[Round "7"]
[White "MFBerna"]
[Black "2KTNGO"]
[Result "0-1"]
[WhiteElo "2370"]
[BlackElo "2511"]
[TimeControl "180+1"]
[EndTime "15:12:30 PST"]
[Termination "2KTNGO won by resignation"]

1. b3 e5 2. Bb2 Nc6 3. e3 g6 4. Nf3 Bg7 5. Bb5 Nge7 6. O-O O-O 7. d4 e4 8. Nfd2 f5 9. Be2 d5 10. c4 g5 11. Nc3 Be6 12. Ba3 Rf7 13. Bxe7 Nxe7 14. cxd5 Nxd5 15. Nxd5 Bxd5 16. Bc4 c6 17. Bxd5 cxd5 18. Rc1 Qd7 19. Nb1 f4 20. Qh5 h6 21.
Nc3 Raf8 22. exf4 Rxf4 23. Ne2 Rh4 24. Qg6 Rf6 0-1

[Event "Late-Titled-Tuesday-Blitz-December-26-2023"]
[Site "Chess.com"]
[Date "2023.12.26"]
[Round "7"]
[White "HalfIsCrayfish"]
[Black "Kapitan_Bayan"]
[Result "1-0"]
[WhiteElo "2622"]
[BlackElo "2349"]
[TimeControl "180+1"]
[EndTime "15:12:33 PST"]
[Termination "HalfIsCrayfish won by resignation"]

1. e4 c5 2. Nc3 d6 3. d4 cxd4 4. Qxd4 Nc6 5. Bb5 Bd7 6. Bxc6 Bxc6 7. Bg5 Nf6 8. O-O-O e6 9. Nge2 Be7 10. f4 h6 11.
Bh4 Rc8 12. Kb1 a6 13. Rhg1 Nxe4 14. Bxe7 Qxe7 15. Nxe4 1-0

[Event "Late-Titled-Tuesday-Blitz-December-26-2023"]
[Site "Chess.com"]
[Date "2023.12.26"]
[Round "7"]
[White "OneTrickPony_82"]
[Black "Jesusesmifuerza"]
[Result "1-0"]
[WhiteElo "2497"]
[BlackElo "2211"]
[TimeControl "180+1"]
[EndTime "15:12:46 PST"]
[Termination "OneTrickPony_82 won by resignation"]

1. d4 d5 2. c4 c6 3. Nf3 Nf6 4. cxd5 cxd5 5. Nc3 e6 6. Bf4 Bd6 7. Bg3 Nc6 8. e3 a6 9. Bd3 O-O 10. Rc1 Qc7 11. Bh4 Be7 12. O-O e5 13. Bxf6 Bxf6 14.
Nxd5 Qd6 15. Nxf6+ Qxf6 16. dxe5 Nxe5 17. Nxe5 Qxe5 18.
Qc2 h6 19. Qc5 Qxb2 20. Bh7+ Kxh7 21. Qxf8 1-0

[Event "Late-Titled-Tuesday-Blitz-December-26-2023"]
[Site "Chess.com"]
[Date "2023.12.26"]
[Round "7"]
[White "Mikayel99"]
[Black "German_Bazeev"]
[Result "0-1"]
[WhiteElo "2580"]
[BlackElo "2843"]
[TimeControl "180+1"]
[EndTime "15:12:53 PST"]
[Termination "German_Bazeev won by resignation"]

1. e4 c5 2. Nf3 Nc6 3. Bb5 g6 4. O-O Bg7 5. c3 Nf6 6. Re1 O-O 7. e5 Nd5 8. Bc4 Nb6 9. Bb3 c4 10. Bc2 d6 11. exd6 Qxd6 12. d4 cxd3 13. Qxd3 Qxd3 14. Bxd3 e5 15. Bb5 f6 16. Bxc6 bxc6 17. Na3 Be6 18. Be3 Na4 19. b3 Nxc3 20. Rec1 Ne2+ 21. Kf1 Nxc1 22.
Rxc1 Bd5 23. Nd2 f5 24. Bc5 Rfd8 25. Nac4 e4 26. Ke2 Bh6 27. Ne3 Be6 28. Ndc4 f4 29.
Nc2 f3+ 0-1

[Event "Late-Titled-Tuesday-Blitz-December-26-2023"]
[Site "Chess.com"]
[Date "2023.12.26"]
[Round "7"]
[White "thesupera12"]
[Black "Viktor_Poddubnyi"]
[Result "0-1"]
[WhiteElo "2389"]
[BlackElo "2302"]
[TimeControl "180+1"]
[EndTime "15:13:04 PST"]
[Termination "Viktor_Poddubnyi won by resignation"]

1. b3 Nf6 2. Bb2 e6 3. c4 Be7 4. g3 O-O 5. Bg2 d5 6. cxd5 Nxd5 7. Nf3 Bf6 8. d4 c5 9. O-O cxd4 10. Bxd4 Nc6 11.
Na3 Nxd4 12. Nxd4 Nc3 13. Qc2 Qxd4 14. Rac1 Nd5 15. Rfd1 Qb2 16. Qc5 Be7 17. Nc4 Qxc1 0-1

[Event "Late-Titled-Tuesday-Blitz-December-26-2023"]
[Site "Chess.com"]
[Date "2023.12.26"]
[Round "7"]
[White "PawnEatingZombie"]
[Black "Gyulamiryan-koryun"]
[Result "1-0"]
[WhiteElo "2099"]
[BlackElo "2013"]
[TimeControl "180+1"]
[EndTime "15:13:08 PST"]
[Termination "PawnEatingZombie won by resignation"]

1. e4 e5 2. d4 exd4 3. Qxd4 Nc6 4. Qe3 Nf6 5. Bd2 Be7 6. Nc3 O-O 7. O-O-O d6 8. f4 Bg4 9. Nf3 Qc8 10. h3 Bxf3 11. Qxf3 Nd4 12. Qf2 c5 13. Be3 Nc6 14.
g4 a6 15. g5 Nh5 16. Nd5 g6 17. Be2 Ng7 18. h4 Nb4 19. Nxe7+ 1-0